 Dungeon Crawl Stone Soup version 0.31-a0-691-g409c26aa35 (webtiles) character file.

Game seed: 6399011726195959176

814 sargonster the Cleaver (level 7, 0/56 (60) HPs)
             Began as a Hill Orc Berserker on Sept 6, 2023.
             Was a Believer of Trog.
             Succumbed to Dowan's poison
             ... on level 5 of the Dungeon.
             The game lasted 00:22:23 (4627 turns).

sargonster the Cleaver (Hill Orc Berserker)         Turns: 4627, Time: 00:22:23

HP:   0/56 (60)     AC: 10    Str: 22    XL:     7   Next: 93%
MP:   7/7           EV:  8    Int:  7    God:    Trog [**....]
Gold: 188           SH:  3    Dex: 10    Spells: 6/6 levels left

rFire   . . .        j - +0 hand axe (freeze)
rCold   . . .        k - +0 buckler
rNeg    . . .        l - +1 chain mail
rPois   .            (no helmet)
rElec   .            f - scarf {+Inv}
rCorr   .            (no gloves)
SInv    .            (no boots)
Will    .....        (no amulet) Stlth
                     (no ring)
HPRegen 0.29/turn    (no ring)
MPRegen 0.10/turn

%: no passive effects
@: lethally poisoned (0 -> -8), on berserk cooldown, slowed, drained, very slow
A: no striking features
a: Renounce Religion, Evoke Invisibility, Berserk, Trog's Hand


You were on level 5 of the Dungeon.
You worshipped Trog.
Trog was pleased with you.
You visited 1 branch of the dungeon, and saw 5 of its levels.

You collected 188 gold pieces.

Inventory:

Hand Weapons
 a - a +2 hand axe
 h - a +0 war axe
 j - a +0 hand axe of freezing (weapon)
 m - a +0 hand axe
 v - a +0 long sword
Missiles
 b - 17 stones
 o - 6 poisoned darts
 p - 2 throwing nets
Armour
 f - a scarf of invisibility (worn)
 k - a +0 buckler (worn)
 l - a +1 chain mail (worn)
Talismans
 e - a beast talisman
 i - a flux talisman
 r - a maw talisman
Scrolls
 c - a scroll of teleportation
 s - a scroll of silence {unknown}
 t - a scroll of immolation {unknown}
Potions
 d - 2 potions of brilliance {unknown}
 g - 3 potions of haste
 n - a potion of berserk rage {unknown}
 q - 2 potions of curing {unknown}
 u - a potion of magic {unknown}


   Skills:
 + Level 4.8 Fighting
 * Level 9.0 Axes
 + Level 3.9 Armour
 + Level 2.1 Dodging
 + Level 1.1 Stealth
 + Level 1.0 Shields
 + Level 0.4 Evocations
 * Level 2.5 Shapeshifting


You had 6 spell levels left.
You didn't know any spells.
Your spell library was empty.

Dungeon Overview and Level Annotations

Branches:
Dungeon (5/15)
 Temple: D:4-7

Altars:
Hepliaklqana
Kikubaaqudgha
Nemelex Xobeh
Ru
Xom
Zin

Shops:
D:2 (

Annotations:
D:5 Duvessa


Message History

You feel very sick.
Dowan hits you with a +2 dagger of venom.
You are more poisoned.
Dowan casts a spell.
Dowan blinks!
You feel drained.
You fail to use your ability.
You feel extremely sick.
You feel very sick. Dowan casts a spell at you.
The puff of frost hits you but does no damage.
You feel very sick. Dowan barely misses you.
You barely miss Dowan.
Dowan is severely wounded.
You feel sick. You block Dowan's attack. Dowan hits you but does no damage.
You are more poisoned.
You hit Dowan. You freeze Dowan.
Dowan is almost dead.
You feel very sick.
Dowan hits you with a +2 dagger of venom.
* * * LOW HITPOINT WARNING * * *
You are lethally poisoned!
You hit Dowan.
You kill Dowan!
Trog accepts your kill.
Trog appreciates your killing of a magic user.
You hear a distant scream of rage.
* * * LOW HITPOINT WARNING * * *
You feel very sick.
Duvessa, Sister of Dowan comes into view.
She is wielding a +0 short sword.
Your Axes skill increases to level 9!
Your Shields skill increases to level 1!
* * * LOW HITPOINT WARNING * * *
You feel very sick.
Duvessa shouts!
Duvessa goes berserk!
Things that are here:
a +2 dagger of venom; a +1 robe of cold resistance; the elf corpse of Dowan
Found a scroll of teleportation.
You die...

#.#### #.# ###....###.# #
#.......##.# ##.####.......##.#
# ........>.....##.######## #
#.e......).)......... #
#....#......)##.####.### #######
##.# #.).....##.####.# # [.....#
.. #.@.....##.##...### #####.# #
#?.)....######.##......
#####.###########.## #.........
##.......# #...# ####..####
##.##.##.# #...# #......#
.........# #...# #...##.#
.#.##.##.#######...#####
#...##.#
#.##......#...........###.†.....
....)...........................


You could see Duvessa (berserk).

Vanquished Creatures
  Sigmund (D:3)
  2 ogres (D:4)
  A phantom (D:4)
  A scorpion (D:5)
  Dowan (D:5)
  An orc priest (D:5)
  An iguana (D:3)
  A sleepcap (D:4)
  3 orc wizards (D:4)
  3 adders
  3 gnolls (D:4)
  A worm (D:3)
  5 dart slugs
  11 orcs
  4 endoplasms
  5 giant cockroaches (D:1)
  9 hobgoblins
  A jackal (D:1)
  6 quokkas
  9 ball pythons
  4 bats
  2 frilled lizards (D:2)
  3 goblins
  3 kobolds
  2 rats
83 creatures vanquished.

Notes
Turn   | Place    | Note
-------+----------+-------------------------------------------
     0 | D:1      | sargonster the Hill Orc Berserker began the quest for the
                  | Orb.
     0 | D:1      | Reached XP level 1. HP: 19/19 MP: 1/1
   315 | D:1      | Reached XP level 2. HP: 23/27 MP: 2/2
   959 | D:1      | Reached XP level 3. HP: 31/33 MP: 3/3
  1401 | D:2      | Found Kohilul's Antique Weapon Emporium.
  1448 | D:2      | Reached skill level 5 in Axes
  1774 | D:2      | Found a glowing silver altar of Zin.
  2091 | D:2      | Reached ** piety under Trog
  2170 | D:2      | Reached skill level 1 in Shapeshifting
  2392 | D:3      | Found a faded altar of an unknown god.
  2418 | D:3      | Reached XP level 4. HP: 30/40 MP: 4/4
  2421 | D:3      | Noticed Sigmund
  2439 | D:3      | Killed Sigmund
  2440 | D:3      | Reached skill level 6 in Axes
  2440 | D:3      | Reached XP level 5. HP: 47/47 MP: 5/5
  2570 | D:3      | Found a hazy altar of Hepliaklqana.
  2876 | D:3      | Reached XP level 6. HP: 53/53 MP: 6/6
  2958 | D:3      | Found a large runed translucent door.
  2959 | D:3      | Found a large runed translucent door.
  3183 | D:3      | Found a shimmering altar of Xom.
  3188 | D:3      | Found an ancient bone altar of Kikubaaqudgha.
  3296 | D:4      | Reached skill level 7 in Axes
  3449 | D:4      | Reached XP level 7. HP: 54/60 MP: 7/7
  3605 | D:4      | Found a sacrificial altar of Ru.
  3707 | D:4      | Reached skill level 8 in Axes
  3770 | D:4      | Found a sparkling altar of Nemelex Xobeh.
  3876 | D:4      | Reached skill level 1 in Stealth
  4490 | D:5      | Entered Level 5 of the Dungeon
  4614 | D:5      | Noticed Dowan
  4625 | D:5      | Killed Dowan
  4625 | D:5      | Noticed Duvessa
  4626 | D:5      | Reached skill level 9 in Axes
  4626 | D:5      | Reached skill level 1 in Shields
  4627 | D:5      | Succumbed to Dowan's poison

Illustrated notes

Levels and vault maps discovered:
D:1:      minmay_arrival_pointy, layout_loops_corners, minmay_close_crescents
D:2:      layout_basic, serial_shops, shop_statue, basic_altar
D:3:      layout_rooms, jmf_multi_god_temple2, lemuel_crystal_altar,
          shapermc_ecumenical_altar_gd, chequers_serial_rivers_room_b,
          uniq_crazy_yiuf_cottage, uniq_sigmund
D:4:      layout_basic, nicolae_ru_sacrificial_ziggurat,
          mainiacjoe_overflow_alcove_1, kennysheep_nondescript
D:5:      layout_loops_cross, mainiacjoe_overflow_catwalk_spiral, uniq_duvessa,
          uniq_blork_the_orc

Skill      XL: |  1  2  3  4  5  6  7 |
---------------+----------------------+-----
Fighting       | 4 |  4.8
Axes           | 5 6 7 9 |  9.0
Shapeshifting  | 1 2 |  2.5
Armour         | 3 |  3.9
Dodging        | 2 |  2.1
Stealth        | 1 |  1.1
Shields        | 1 |  1.0
Evocations     | |  0.4

Action                     |  1- 3 |  4- 6 |  7- 9 || total
---------------------------+-------+-------+-------++-------
  Melee: Hand axe          |   140 |    58 |    67 ||   265
         Punch             |     1 |       |       ||     1
 Invoke: Berserk           |     1 |     3 |     4 ||     8
         Trog's Hand       |       |     2 |     2 ||     4
Ability: Evoke Invisibilit |       |     1 |       ||     1
    Use: Scroll            |     2 |     7 |     1 ||    10
   Stab: Invisible         |       |     1 |       ||     1
 Armour: Ring mail         |    54 |       |       ||    54
         Scale mail        |    43 |     4 |       ||    47
         Chain mail        |       |    28 |    43 ||    71
  Dodge: Dodged            |    82 |    17 |    15 ||   114
  Block: Buckler           |       |    10 |     9 ||    19

Table legend: (Time is in decaauts)
 A = Elapsed time spent in this place.
 B = Non-inter-level travel time spent in this place.
 C = Inter-level travel time spent in this place.
 D = Time resting spent in this place.
 E = Time spent auto-exploring this place.
 F = Levels seen in this place.
 G = Mean time per level.
                   A        B        C        D        E       F      G
               +--------+--------+--------+--------+--------+-----+--------+
         Total |   4691 |   4538 |    153 |    868 |   2547 |   5 |  938.2 |
       Dungeon |   4691 |   4538 |    153 |    868 |   2547 |   5 |  938.2 |
               +--------+--------+--------+--------+--------+-----+--------+

Top non-repeatable levels by time:
     D:1: 1334 daAuts
     D:4: 1255 daAuts
     D:2: 1073 daAuts
     D:3: 881 daAuts
     D:5: 147 daAuts
